Cogmind - Beta 14 @@@ ROGUE MODE // 2024.09.10 @ 12:22:48 Player: Wulphy Result: Destroyed by 9W-L4U(R) with Subdweller Machine Gun Performance ------------- Evolutions (0) 0 Regions Visited (2) 400 Robots Destroyed (13) 65 Value Destroyed (449) 449 Prototype IDs (2) 40 Alien Tech Used (0) 0 Bonus (0) 0 TOTAL SCORE: 954 Bonus ------- None Cogmind --------- Core Integrity 0/250 Matter 175/300 Energy 79/100 System Corruption 2% Temperature Cool (0) Movement Treading (240) Ox1 Location -10/Subcaves Parts ------- > --- POWER (1) -------- Subdweller Power Source > --- PROPULSION (2) --- Light Treads > --- UTILITY (2) ------ Medium Storage Unit Subdweller Optics > --- WEAPON (2) ------- Subdweller Beam Cannon Subdweller Machine Gun > --- INVENTORY (10) --- Subdweller Power Source Subdweller Monowheel Subdweller Monowheel Subdweller Monowheel Scrap Shield Subdweller Laser Subdweller Laser Subdweller Beam Cannon Subdweller Shrapnel Launcher Peak State ------------ > --- POWER ------------ Subdweller Power Source > --- PROPULSION ------- Light Treads Light Treads > --- UTILITY ---------- Medium Storage Unit Subdweller Optics > --- WEAPON ----------- Subdweller Beam Cannon Subdweller Machine Gun > --- INVENTORY -------- Subdweller Power Source Subdweller Monowheel Subdweller Monowheel Subdweller Monowheel Scrap Shield Subdweller Laser Subdweller Laser Subdweller Beam Cannon Subdweller Shrapnel Launcher [Rating: 13] Favorites ----------- Power Ion Engine Engine Ion Engine Propulsion Light Treads Treads Light Treads Leg Aluminum Leg Utility Medium Storage Unit Device Seismic Detector Storage Medium Storage Unit Processor Targeting Computer Protection Scrap Shield Weapon Medium Laser Energy Gun Medium Laser Energy Cannon Subdweller Beam Cannon Ballistic Gun Battle Rifle Ballistic Cannon Light Cannon Launcher Subdweller Shrapnel Launcher Build | -11 -10 -10 ------- Run | Yrd Mat Sub Slots Evolved . | . . . Power . | . . . Propulsion . | . . . Utility . | . . . Weapon . | . . . Parts Attached 38 | 7 8 23 Power 3 | 1 . 2 Engine 3 | 1 . 2 Core . | . . . Reactor . | . . . Propulsion 6 | 2 2 2 Treads 4 | 2 . 2 Leg 2 | . 2 . Wheel . | . . . Hover . | . . . Flight . | . . . Utility 16 | 2 5 9 Device 10 | 1 2 7 Storage 3 | 1 1 1 Processor 2 | . 2 . Hackware . | . . . Protection 1 | . . 1 Artifact . | . . . Weapon 13 | 2 1 10 Energy Gun 3 | 2 . 1 Energy Cannon 4 | . . 4 Ballistic Gun 4 | . . 4 Ballistic Cannon 1 | . 1 . Launcher 1 | . . 1 Special Weapon . | . . . Impact Weapon . | . . . Slashing Weapon . | . . . Piercing Weapon . | . . . Special Melee Weapon . | . . . Unidentified Prototypes . | . . . Parts Lost 6 | . . 6 Power 1 | . . 1 Propulsion 2 | . . 2 Utility 1 | . . 1 Weapon 2 | . . 2 Highest Loss Streak 3 | . . 3 To Critical Strikes . | . . . Average Slot Usage (%) 99 | . 100 99 Engine 14 | . 14 14 Treads 17 | . 12 21 Leg 10 | . 15 6 Device 13 | . 12 13 Storage 13 | . 14 13 Energy Gun 10 | . 20 2 Energy Cannon 5 | . . 9 Ballistic Gun 7 | . . 13 Ballistic Cannon 4 | . 7 1 Peak Build Rating 13 | 7 8 13 Average Rating 8 | 5 7 10 On Entrance 4 | . 7 7 Naked Turns . | . . . Heaviest Build 33 | 14 21 33 Greatest Support 40 | 40 40 40 Greatest Overweight (x) 2 | 2 1 1 Average Overweight (x) . | . . . Largest Inventory Capacity 10 | 8 10 10 Average Capacity 9 | 7 9 9 Most Carried 10 | 6 10 10 Average Carried 9 | 3 8 9 Final Capacity 10 | 8 10 10 Final Carried 10 | 6 9 10 Class Distribution -------------------- 91% | Mutant 8% | Scavenger-Mutant Dominant Class ---------------- Mutant | -10/Materials Mutant | -10/Subcaves Resources | -11 -10 -10 ----------- Run | Yrd Mat Sub Matter Collected 679 | 270 78 331 Remotely . | . . . Salvage Created 506 | 46 130 330 Parts 31 | 4 4 23 Haulers Intercepted . | . . . Recyclers Shooed . | . . . Parts Field Recycled . | . . . Retrieved Matter . | . . . Parts Self-Destructed 2 | . . 2 Prevented . | . . . Kills | -11 -10 -10 ------- Run | Yrd Mat Sub Combat Hostiles Destroyed 11 | . 3 8 Guns 6 | . 2 4 Cannons 4 | . 1 3 AOE 1 | . . 1 Classes Destroyed 4 | 1 1 2 Tunneler 2 | 2 . . Grunt 3 | . 3 . Artisan 2 | . . 2 Subdweller 8 | . . 8 Best Kill Streak 2 | 2 2 2 Combat Bots Only 2 | . 2 2 Max Kills in Single Turn 1 | 1 1 1 Gunslinging . | . . . Exploded 1 | . . 1 Melee . | . . . Uniques/NPCs Destroyed . | . . . Combat | -11 -10 -10 -------- Run | Yrd Mat Sub Hostile Shots Fired 73 | . 18 55 Missed 13 | . 5 8 Damage Taken 1254 | . 179 1075 Core 263 | . 37 226 Absorbed by Shields . | . . . Core Remaining (%) 100 | 100 . . Volleys Fired 67 | 3 13 51 Largest 2 | 2 2 2 Hottest 110 | 90 90 110 Shots Fired 120 | 6 26 88 Gun 70 | 6 21 43 Cannon 47 | . 5 42 Launcher 3 | . . 3 Special . | . . . Kinetic 48 | . 5 43 Thermal 72 | 6 21 45 Explosive . | . . . Electromagnetic . | . . . Robot Hit Streak 23 | 1 5 23 Robot Miss Streak 2 | 1 1 2 Penetration Max . | . . . Secondary Targets . | . . . Shots Hit Robots 88 | 3 20 65 Core Hits 26 | 2 8 16 Critical Kills 1 | . . 1 Critical Parts Destroyed 1 | . . 1 Critical Strikes 5 | . 3 2 Burn 3 | . 3 . Meltdown 1 | . . 1 Destroy 1 | . . 1 Melee Attacks . | . . . Impact . | . . . Slashing . | . . . Piercing . | . . . Sneak Attacks . | . . . Combat Hostiles . | . . . Follow-up Attacks . | . . . Damage Inflicted 1692 | 36 264 1392 Guns 842 | 36 194 612 Cannons 745 | . 70 675 Explosions 105 | . . 105 Melee . | . . . Ramming . | . . . Kinetic 736 | . 70 666 Thermal 956 | 36 194 726 Explosive . | . . . Electromagnetic . | . . . Impact . | . . . Slashing . | . . . Piercing . | . . . Highest Corruption 2 | . 2 2 Average Corruption 2 | . 2 2 Corruption Purged . | . . . Corruption Blocked . | . . . Effects 30 | . 8 22 Message Errors 9 | . 2 7 Matter Fused 8 | . 2 6 Heat Flow Errors 6 | . 2 4 Energy Discharges 5 | . 2 3 Parts Fused 1 | . . 1 Misfires 1 | . . 1 Overload Shots . | . . . Overflow Damage . | . . . Projectiles . | . . . Explosions . | . . . Melee . | . . . Knockbacks 2 | . 1 1 Impact . | . . . Kinetic 2 | . 1 1 Secondary . | . . . Self-Inflicted Damage . | . . . Shots . | . . . Rammed . | . . . Targets Rammed . | . . . Kicked . | . . . Crushed . | . . . Highest Temperature 424 | 90 261 424 Average Temperature 80 | 48 98 70 Received Heat Transfer 856 | . 177 679 Siege Activations . | . . . Robots Corrupted . | . . . Combat Hostiles . | . . . Parts Fried . | . . . Impact Corruptions . | . . . Robots Melted 1 | . . 1 Combat Hostiles . | . . . Parts Melted 4 | . 1 3 Heat Transferred 1951 | 87 754 1110 Parts Sabotaged . | . . . Parts Stolen . | . . . Parts Stripped . | . . . Power Chain Reactions . | . . . Alert | -11 -10 -10 ------- Run | Yrd Mat Sub Peak Influence 107 | 10 107 . Initial 6 | . 6 . Average 36 | 3 39 . Maximum Alert Level . | . . . Low Security (%) 100 | 100 100 . Level 1 . | . . . Level 2 . | . . . Level 3 . | . . . Level 4 . | . . . Level 5 . | . . . High Security . | . . . Max Security . | . . . Squads Dispatched . | . . . Investigation . | . . . Extermination . | . . . Reinforcement . | . . . Assault . | . . . Garrison . | . . . Intercept . | . . . Searches Triggered . | . . . Construction Impeded . | . . . Haulers Reinforced . | . . . Active Scanning Responses . | . . . Cargo Convoy Interrupts . | . . . Stealth | -11 -10 -10 --------- Run | Yrd Mat Sub Distress Signals 3 | . 3 . Communications Jammed . | . . . Distress Signals . | . . . Times Spotted 26 | . 15 11 Peak Tracking Total 4 | . 4 2 Tactical Retreats . | . . . Traps | -11 -10 -10 ------- Run | Yrd Mat Sub Traps Triggered 1 | . 1 . Indirectly . | . . . Trap Hack Attempts . | . . . Triggered . | . . . Disarmed . | . . . Reprogrammed 6 | . 6 . Reused 5 | . 4 1 Traps Extracted . | . . . Installed 1 | . . 1 Triggered 4 | . 4 . Most Traps Carried 1 | . . 1 Machines | -11 -10 -10 ---------- Run | Yrd Mat Sub Machines Disabled . | . . . Max in Single Turn . | . . . Machines Repaired . | . . . Machines Dismantled . | . . . Machines Sabotaged . | . . . Overloaded Fab Kills . | . . . Hacking | -11 -10 -10 --------- Run | Yrd Mat Sub Machines Accessed 7 | . 6 1 Terminals 6 | . 6 . Fabricators . | . . . Repair Stations . | . . . Recycling Units . | . . . Scanalyzers . | . . . Garrison Access . | . . . Total Hacks 23 | . 20 3 Successful 15 | . 12 3 Failed 8 | . 8 . Catastrophic 1 | . 1 . Database Lockouts . | . . . Manual 8 | . 8 . Terminals 20 | . 20 . Fabricators . | . . . Repair Stations . | . . . Recycling Units . | . . . Scanalyzers . | . . . Garrison Access . | . . . Terminal Hacks 12 | . 9 3 Record 3 | . . 3 Prototype ID Bank 1 | . 1 . Locate Traps 2 | . 2 . Reprogram Traps 1 | . 1 . Maintenance Status 1 | . 1 . Zone Layout 4 | . 4 . Fabricator Hacks . | . . . Repair Station Hacks . | . . . Recycling Unit Hacks . | . . . Scanalyzer . | . . . Garrison Access Hacks . | . . . Unauthorized Hacks 3 | . 3 . Terminals 3 | . 3 . Assimilate 1 | . 1 . Botnet 2 | . 2 . Fabricators . | . . . Repair Stations . | . . . Recycling Units . | . . . Scanalyzers . | . . . Garrison Access . | . . . Data Cores Recovered . | . . . Used . | . . . Hacking Detections 5 | . 5 . Full Trace Events . | . . . Feedback Events . | . . . Feedback Blocked . | . . . Robot Schematics Acquired . | . . . Robots Built . | . . . Authchips . | . . . Time . | . . . Total Robot Build Rating . | . . . Part Schematics Acquired . | . . . Parts Built . | . . . Authchips . | . . . Time . | . . . Total Part Build Rating . | . . . Parts Repaired . | . . . Time . | . . . Parts Recycled . | . . . Recycled Matter . | . . . Retrieved Matter . | . . . Retrieved Components . | . . . Parts Scanalyzed . | . . . Part Schematics Acquired . | . . . Parts Damaged . | . . . Bothacking | -11 -10 -10 ------------ Run | Yrd Mat Sub Used RIF Installer . | . . . Robots Hacked . | . . . Non-combat . | . . . Combat . | . . . Robot Hacks Applied . | . . . Relay Couplers Released . | . . . Fabnet Peak Effective % . | . . . Robots Rewired . | . . . Allies Hacked . | . . . Hacks Repelled . | . . . Allies | -11 -10 -10 -------- Run | Yrd Mat Sub Total Allies 1 | . 1 . Largest Group 1 | . 1 . Highest-Rated Group 10 | . 10 . Highest-Rated Ally 10 | . 10 . Total Orders . | . . . Ally Attacks . | . . . Total Damage . | . . . Kills . | . . . Allies Corrupted . | . . . Allies Melted . | . . . Intel | -11 -10 -10 ------- Run | Yrd Mat Sub Robot Analysis Total . | . . . Derelict Logs Recovered 3 | . . 3 Drone Launches . | . . . Drone Recoveries . | . . . Exploration | -11 -10 -10 ------------- Run | Yrd Mat Sub Turns Passed 3311 | 125 1415 1771 Spaces Moved 1548 | 66 538 944 Core 8 | 8 . . Treads 1117 | 58 323 736 Legs 423 | . 215 208 Wheels . | . . . Hover . | . . . Flight . | . . . Fastest Speed 50 | 50 120 120 Average Speed 160 | 149 164 159 Slowest Speed 190 | 160 190 190 Overloaded Moves . | . . . Propulsion Burnouts . | . . . Robots Hopped . | . . . Cave-ins Triggered . | . . . Exploration Rate (%) 49 | 6 91 52 Regions Visited 2 Branch Regions 1 Pre-discovered Areas 1 | . . 1 Known Exits Taken . | . . . Unknown Exits Taken 2 | 1 1 . Scrap Searched 5 | . . 5 Spaces Dug 1 | . . 1 Terrain Destroyed 39 | . . 39 Melee . | . . . Projectile 3 | . . 3 AOE 36 | . . 36 Terrain Rammed . | . . . Walls Destroyed . | . . . Machines Disabled . | . . . Actions | -11 -10 -10 --------- Run | Yrd Mat Sub Total 2251 | 83 1041 1127 Wait 531 | 2 469 60 Move 1546 | 65 537 944 Hop . | . . . Pick Up 39 | 6 9 24 Fast Attach 12 | 7 . 5 Attach 8 | . 1 7 Detach 1 | . . 1 Swap 18 | . 7 11 Drop 26 | . 5 21 Fire 67 | 3 13 51 Melee . | . . . Ram . | . . . Kick . | . . . Crush . | . . . Escape Stasis . | . . . Rewire . | . . . Trap 1 | . . 1 Miscellaneous 2 | . . 2 Route ------- -11/Scrapyard -10/Materials (discovered 5 exits: [*Mat x2] / [*Min x2] / *Sub) -10/Subcaves (discovered 2 exits: [*Mat] / Rec) History --------- Turn | Location | Event 13 | -11/Scrapyard | Discovered new exit (range 16) 126 | -11/Scrapyard | Entered Materials 314 | -10/Materials | Build established: Mutant 331 | -10/Materials | Discovered new exit (range 16) 387 | -10/Materials | Discovered new exit (range 18) 610 | -10/Materials | Discovered new exit (range 11) 753 | -10/Materials | Discovered new exit (range 8) 1529 | -10/Materials | Discovered new exit (range 7) 1541 | -10/Materials | Entered Subcaves 1545 | -10/Subcaves | Learned location of Zion (-7) 1629 | -10/Subcaves | Learned Materials garrison access intel 1951 | -10/Subcaves | Lost 3 parts (1p1n1w) 2296 | -10/Subcaves | Learned 2 Materials zone layouts 2473 | -10/Subcaves | Visited Clippyterm 2478 | -10/Subcaves | Identified exit to Recycling 2596 | -10/Subcaves | Core integrity fell below 50% 2897 | -10/Subcaves | Shifting Twisted Machinery released Sub. Beam Cannon 2901 | -10/Subcaves | Shifting Twisted Machinery released Sub. Shrapnel Launcher 3004 | -10/Subcaves | Core integrity fell below 20% 3019 | -10/Subcaves | Discovered new exit (range 10) 3312 | -10/Subcaves | Destroyed by 9W-L4U(R) with Subdweller Machine Gun Last Messages --------------- 02981_ Subatomizers dissect the Sub. Beam Cannon, destroying it. 02993_ Subatomizers dissect the Sub. Laser. 02999_ BDKEGZQN%GK94=EBOA=I4|LBXYXNQXQO8MBGT/MW9IB9LS64 03082_ Sub. Optics shoots sparks and powers down. 03127_ Sub. Power Source shoots sparks and powers down. 03179_ ,G4CLCJC1QCYFSILBNE4JV%NUNM OYZE,LZU4KF 03197_ System corrupted: Heat flow error (+178). 03302_ Lgt. Treads destroyed. 03304_ IZ-0PB(R) destroyed. 03310_ Sub. Beam Cannon shoots sparks and powers down. Map ----- +----------------------------------------------------+ | """< ######?## ##?????? | | """ ### ####??? | | "" ## ### ## #??? | | "# ##?# ### #??? | | " #??## #?## ### ##??? | | " ##??### ##??# #?## ##??? | | ### "" ##???## #???## #### #??? | | ### " #???## #????#### ##?? | | #" & ##### #?? ????## #?? | | " & #?# ?????# #?? | | " # ## ????# #?? | | ## "### #????# #?? | | """ #"" ##?## ## #???## #?? | | ## # "# #??# ## ???# #?? | | ?#### "## ##?# "" ### ???# ##?? | | ????#"" # #??# ### ???## #??? | | ????#""""" ##?##"" #######?# ###### #??? | | ????###" " "#??#####??????## ### #??? | | ??????## """#????????????## #?# #??? | | ???????##" ##???????????## " ### ######??? | | ????????####????????##### "" ##???????? | | ???????????????????## "" """ ### #????????? | | ??????????????????## "& """" #?# #????????? | | ??????????????????#"" *%""" "" ### #????????? | | ??????????????????#"" !;R"""" ### #????????? | | ??????????????????# ##;@ " "" #####????????? | | ??????????????????# ?## #???????????? | | ??????????????????## ???## ## ### #?????? | | ???????????????????#?????#"" ## #???? | | ?????????????????????????## ## #??? | | ??????????????????????????## ##? #???? | | ???????????????????????????# ]#?? ###???? | | ???????????????????????????# #?? ###?????? | | ???????????????????????????### ##?? ##???????? | | ?????????????????????????????###??? ####????????? | | ??????????????????????????????????? #???????????? | | ?????????????????????????????????????????????????? | | ?????????????????????????????????????????????????? | | ?????????????????????????????????????????????????? | | ?????????????????????????????????????????????????? | | ?????????????????????????????????????????????????? | | ?????????????????????????????????????????????????? | | ?????????????????????????????????????????????????? | | ?????????????????????????????????????????????????? | | ?????????????????????????????????????????????????? | | ?????????????????????????????????????????????????? | | ?????????????????????????????????????????????????? | | ?????????????????????????????????????????????????? | | ?????????????????????????????????????????????????? | | ?????????????????????????????????????????????????? | +----------------------------------------------------+ Best States ------------- Heat Dissipation 25 Energy Generation 15 Energy Capacity 250 Matter Stores 300 Matter Capacity 300 Sight Range 21 Terrain Scan Density 10 Armor Coverage 800 Evasion (%) 55 Targeting Accuracy 5 Recoil Reduction 2 Item Schematics ----------------- None Robot Schematics ------------------ None Fabricated ------------ Nothing Alien Tech Used ----------------- None Achievements -------------- None Challenges ------------ None Game ------ Seed BombDiametricCannon Manual? 0 Play Time 00:29:09 Cumulative 183.8 hours Start 2024.09.10 @ 11:55:34 End 2024.09.10 @ 12:22:48 Sessions 1 Manual Loads 0 Difficulty Rogue Special Mode None Game No. 40 Rogue 40 Adventurer 0 Explorer 0 Win Type - Total 3 Types 1/0/1/1/0/0/0/0/0 Lore% 54 Gallery% 60 Achievement% 62 Wizard Run 0 Options --------- Layout 2 ASCII 0 Keyboard 1 Movement Vi Keybinds 1 Fullscreen 1 Font 24/Tamsyn Map View 50x44 Zoom Use 0% Tactical HUD 1 Map Filters NONE Filters NONE Steam 1 RUN: 9279386c-2d9e-4d86-ad69-160782b1fd2d